 Dungeon Crawl Stone Soup version 0.25-a0-731-g0472a16 (webtiles) character file.

Game seed: 11540401885775037594, levelgen mode: deterministic

723358 psychadelicpimpin the Minotaur Barricade (level 27, -5/245 HPs)
             Began as a Minotaur Fighter on Apr 8, 2020.
             Was the Champion of Makhleb.
             Killed from afar by an orb of fire (32 damage)
             ... with a bolt of fire
             ... on level 5 of the Realm of Zot on Apr 9, 2020.
             The game lasted 02:26:18 (61252 turns).

psychadelicpimpin the Minotaur Barricade (MiFi)    Turns: 61252, Time: 02:26:19

Health: -5/245     AC: 34    Str: 31 (33) XL:     27
Magic:  0/26       EV: 20    Int:  3 (5)  God:    Makhleb [******]
Gold:   4638       SH: 31    Dex: 18 (19) Spells: 26/26 levels left

rFire    + . .     SeeInvis +   Z - +7 broad axe (freeze)
rCold    + + +     Gourm    .   x - +3 tower shield {reflect}
rNeg     + + +     Faith    .   L - +9 gold dragon scales
rPois    +         Spirit   +   n - +0 hat
rElec    +         Reflect  +   j - scarf {Spirit}
rCorr    .         Harm     .   m - +0 pair of gloves of the Jabberwock {Slay+3}
MR       ++++.     Rnd*Rage +   y - +2 pair of boots {run}
Stlth    ..........             D - amulet of Tuowkavu {Acrobat rElec rPois rN+ Str+4}
HPRegen  0.00/turn              J - ring of Cairyenn {rF- rC+++ rN+++ SInv Stlth+}
MPRegen  0.20/turn              V - ring "Kaibi" {rF+ MR+ Str+2 Dex+4}

@: about to teleport, corroded, studying Throwing, quick
A: retaliatory headbutt, horns 2, talons 1, slimy green scales 1, agile 1,
berserk 1, deformed body, deterioration 1, frail 1, low mp 2, magic resistance
1, screaming 1, inhibited regeneration, weak 2, no potion heal 1, subdued magic
1
}: 4/15 runes: serpentine, barnacled, silver, abyssal
a: Minor Destruction, Lesser Servant of Makhleb, Major Destruction, Greater
Servant of Makhleb, Renounce Religion


You were on level 5 of the Realm of Zot.
You worshipped Makhleb.
Makhleb was exalted by your worship.
You were hungry.

You visited 11 branches of the dungeon, and saw 51 of its levels.
You visited the Abyss 1 time.
You visited 1 bazaar.
You also visited: Trove, Gauntlet and Desolation.

You collected 7308 gold pieces.
You spent 2670 gold pieces at shops.

Inventory:

Hand Weapons
 Z - a +7 broad axe of freezing (weapon)
Missiles
 C - 11 throwing nets (quivered)
Armour
 j - a scarf of spirit shield (worn)
 m - the +0 pair of gloves of the Jabberwock (worn) {Slay+3}
   (You found it on level 3 of the Shoals)

   It affects your accuracy and damage with ranged weapons and melee attacks
   (+3).
 n - a +0 hat (worn)
 x - a +3 tower shield of reflection (worn)
 y - a +2 pair of boots of running (worn)
 L - +9 gold dragon scales (worn)
Jewellery
 v - the ring "Zefeu" {rF- Str+5 Stlth+}
   (You found it in a treasure trove)

   [ring of stealth]

   It affects your strength (+5).
   It makes you vulnerable to fire.
   It makes you more stealthy.
 D - the amulet of Tuowkavu (around neck) {Acrobat rElec rPois rN+ Str+4}
   (You acquired it on level 13 of the Dungeon)

   [amulet of the acrobat]

   It helps you evade while moving and waiting.
   It affects your strength (+4).
   It insulates you from electricity.
   It protects you from poison.
   It protects you from negative energy.
 I - the ring of Deponyin {+Inv rElec rPois Dex-4 Slay+4}
   (You found it in a treasure trove)

   [ring of slaying]

   It affects your dexterity (-4).
   It affects your accuracy and damage with ranged weapons and melee attacks
   (+4).
   It insulates you from electricity.
   It protects you from poison.
   It lets you turn invisible.
 J - the ring of Cairyenn (left hand) {rF- rC+++ rN+++ SInv Stlth+}
   (You found it in the Desolation of Salt)

   [ring of stealth]

   It makes you vulnerable to fire.
   It renders you almost immune to cold.
   It renders you almost immune to negative energy.
   It lets you see invisible.
   It makes you more stealthy.
 V - the ring "Kaibi" (right hand) {rF+ MR+ Str+2 Dex+4}
   (You bought it in a shop on level 2 of the Orcish Mines)

   [ring of protection from magic]

   It affects your strength (+2).
   It affects your dexterity (+4).
   It protects you from fire.
   It affects your resistance to hostile enchantments.
Wands
 h - a wand of clouds (9)
 p - a wand of flame (15)
 w - a wand of enslavement (14)
 U - a wand of iceblast (69)
 Y - a wand of disintegration (74)
Scrolls
 b - 4 scrolls of identify
 i - 25 scrolls of teleportation
 k - 8 scrolls of fear
 l - a scroll of enchant armour
 q - 6 scrolls of blinking
 r - 18 scrolls of remove curse
 u - 10 scrolls of magic mapping
 H - 10 scrolls of fog
 O - 3 scrolls of summoning
 S - 3 scrolls of silence
 W - 2 scrolls of holy word
Potions
 a - 3 potions of resistance
 c - 3 potions of mutation
 d - 14 potions of might
 e - 7 potions of ambrosia
 g - 20 potions of lignification
 o - 5 potions of heal wounds
 s - 6 potions of berserk rage
 t - 26 potions of curing
 z - 13 potions of stabbing
 A - 15 potions of flight
 B - 8 potions of haste
 G - a potion of cancellation
 M - 12 potions of magic
 R - 4 potions of invisibility
 X - 10 potions of brilliance
Books
 N - a manual of Throwing
Miscellaneous
 F - 4 tins of tremorstones
 T - a phial of floods
Comestibles
 f - 101 rations


   Skills:
 O Level 27 Fighting
 O Level 27 Axes
 O Level 27 Armour
 * Level 18.5 Dodging
 O Level 27 Shields
 - Level 15.5 Invocations


You had 26 spell levels left.
You didn't know any spells.
Your spell library contained the following spells:

 Spells                   Type           Power        Failure   Level  Hunger
 Animate Skeleton         Necr           N/A          96%         1    ##.....
 Apportation              Tloc           #.....       96%         1    ##.....
 Beastly Appendage        Tmut           #.....       96%         1    ##.....
 Corona                   Hex            #......      96%         1    ##.....
 Foxfire                  Conj/Fire      #...         96%         1    ##.....
 Freeze                   Ice            #...         96%         1    ##.....
 Magic Dart               Conj           #...         96%         1    ##.....
 Shock                    Conj/Air       #...         96%         1    ##.....
 Sting                    Tmut/Pois      #...         96%         1    ##.....
 Summon Butterflies       Summ           #.......     96%         1    ##.....
 Summon Small Mammal      Summ           #...         96%         1    ##.....
 Blink                    Tloc           N/A          99%         2    ###....
 Call Imp                 Summ           #.......     99%         2    ###....
 Passwall                 Tmut/Erth      #.......     99%         2    ###....
 Poisonous Vapours        Pois/Air       #.....       99%         2    ###....
 Searing Ray              Conj           #.....       99%         2    ###....
 Shroud of Golubria       Chrm/Tloc      #.....       99%         2    ###....
 Slow                     Hex            #.......     99%         2    ###....
 Sticks to Snakes         Tmut           #.......     99%         2    ###....
 Swiftness                Chrm/Air       #.......     99%         2    ###....
 Conjure Flame            Conj/Fire      #.......     100%        3    ####...
 Dazzling Flash           Conj/Hex       #.....       100%        3    ####...
 Frozen Ramparts          Ice            #.....       100%        3    ####...
 Gell's Gravitas          Tloc           #.........   100%        3    ####...
 Ignite Poison            Fire/Tmut/Pois #.......     100%        3    ####...
 Inner Flame              Hex/Fire       #.......     100%        3    ####...
 Lesser Beckoning         Tloc           #.........   100%        3    ####...
 Mephitic Cloud           Conj/Pois/Air  #.......     100%        3    ####...
 Ozocubu's Armour         Chrm/Ice       #.......     100%        3    ####...
 Portal Projectile        Hex/Tloc       #.....       100%        3    ####...
 Spider Form              Tmut/Pois      #.........   100%        3    ####...
 Static Discharge         Conj/Air       #.......     100%        3    ####...
 Summon Guardian Golem    Hex/Summ       #.......     100%        3    ####...
 Teleport Other           Tloc           #.......     100%        3    ####...
 Airstrike                Air            #.........   100%        4    #####..
 Cause Fear               Hex            #.........   100%        4    #####..
 Fulminant Prism          Conj/Hex       #.........   100%        4    #####..
 Hailstorm                Conj/Ice       #.......     100%        4    #####..
 Ice Form                 Ice/Tmut       #.......     100%        4    #####..
 Iskenderun's Mystic Bla  Conj/Tloc      #.......     100%        4    #####..
 Leda's Liquefaction      Hex/Erth       #.........   100%        4    #####..
 Olgreb's Toxic Radiance  Pois           #.......     100%        4    #####..
 Passage of Golubria      Tloc           N/A          100%        4    #####..
 Sticky Flame             Conj/Fire      #.......     100%        4    #####..
 Summon Ice Beast         Ice/Summ       #.......     100%        4    #####..
 Summon Lightning Spire   Summ/Air       #.......     100%        4    #####..
 Blade Hands              Tmut           #.........   100%        5    ######.
 Bolt of Magma            Conj/Fire/Erth #.........   100%        5    ######.
 Fireball                 Conj/Fire      #.........   100%        5    ######.
 Lightning Bolt           Conj/Air       #.........   100%        5    ######.
 Metabolic Englaciation   Hex/Ice        #.........   100%        5    ######.
 Silence                  Hex/Air        #.........   100%        5    ######.
 Summon Demon             Summ           #.........   100%        5    ######.
 Yara's Violent Unravell  Hex/Tmut       #.........   100%        5    ######.
 Conjure Ball Lightning   Conj/Air       #.........   100%        6    #######
 Deflect Missiles         Chrm/Air       #.........   100%        6    #######
 Freezing Cloud           Conj/Ice/Air   #.........   100%        6    #######
 Ozocubu's Refrigeration  Ice            #.........   100%        6    #######
 Simulacrum               Ice/Necr       #.........   100%        6    #######
 Starburst                Conj/Fire      #.........   100%        6    #######
 Dragon Form              Tmut           #.........   100%        7    #######
 Malign Gateway           Summ/Tloc      #.........   100%        7    #######
 Monstrous Menagerie      Summ           #.........   100%        7    #######
 Orb of Destruction       Conj           #.........   100%        7    #######
 Ring of Flames           Chrm/Fire      #.........   100%        7    #######
 Spellforged Servitor     Conj/Summ      #.........   100%        7    #######
 Summon Greater Demon     Summ           #.........   100%        7    #######
 Chain Lightning          Conj/Air       #.........   100%        8    #######
 Controlled Blink         Tloc           N/A          100%        8    #######
 Discord                  Hex            #.........   100%        8    #######
 Ignition                 Fire           #.........   100%        8    #######
 Lehudib's Crystal Spear  Conj/Erth      #.........   100%        8    #######
 Summon Horrible Things   Summ           #.........   100%        8    #######
 Absolute Zero            Ice            #.........   100%        9    #######
 Fire Storm               Conj/Fire      #.........   100%        9    #######
 Shatter                  Erth           #.........   100%        9    #######
 Tornado                  Air            #.........   100%        9    #######


Dungeon Overview and Level Annotations

Branches:
Dungeon (15/15)            Temple (1/1) D:5            Lair (6/6) D:8
 Shoals (4/4) Lair:3        Snake (4/4) Lair:3        Slime (0/5) Lair:5
    Orc (2/2) D:9             Elf (3/3) Orc:2        Vaults (5/5) D:13
  Crypt (0/3) Vaults:2     Depths (5/5) D:15           Hell (visited)
    Dis (0/7) Hell            Geh (0/7) Hell            Coc (0/7) Hell
    Tar (0/7) Hell            Zot (5/5) Depths:5    Desolation (visited)
Gauntlet (visited)

Altars:
Ashenzari
Cheibriados
Dithmenos
Elyvilon
Fedhas
Gozag
Hepliaklqana
Kikubaaqudgha
Makhleb
Nemelex Xobeh
Okawaru
Qazlal
Ru
Sif Muna
Trog
Uskayaw
Vehumet
Wu Jian
Xom
Yredelemnul
Zin
The Shining One
Beogh
Jiyva

Shops:
D:4 **%   D:5 =   Orc:2 %%%=   Elf:1 }   Snake:1 =}=   Snake:4 =   Vaults:3 =

Portals:
Hell: Depths:1 Depths:2 Depths:3 Depths:4 Depths:5
Abyss: Depths:3 Depths:4 Depths:5
Pandemonium: Depths:2 Depths:3
Ziggurat: Depths:4

Annotations:
D:4 exclusion: upstairs
D:11 3 runed translucent doors, Egumyaly's ghost, journeyman DDFi
Lair:2 2 transporters, Veesoum's ghost, journeyman VSAs
Lair:6 exclusion: oklob plant
Shoals:2 exclusion: downstairs
Shoals:4 3 runed translucent doors, Paroid's ghost, adept DgWz
Depths:2 2 runed translucent doors, Geeleh's ghost, veteran FoFi
Zot:2 1 transporter


Innate Abilities, Weirdness & Mutations

You reflexively headbutt those who attack you in melee.
You have a pair of horns on your head.
You have sharp toenails.
You are partially covered in slimy green scales. (AC +2)
You are agile. (Dex +2)
You tend to lose your temper in combat.
Armour fits poorly on your strangely shaped body.
Your body sometimes deteriorates upon taking damage.
You are frail. (-10% HP)
Your magical capacity is very low. (-20% MP)
You are resistant to hostile enchantments. (MR+)
You occasionally shout uncontrollably at your foes.
You do not regenerate when monsters are visible.
You are very weak. (Str -4)
Potions are less effective at restoring your health.
Your spells are a little easier to cast, but a little less powerful.


Message History

You feel better.
The quicksilver dragon rages.
The ancient lich touches you but does no damage.
The ancient lich casts a spell at you. The bolt of acid hits you!!
* * * LOW HITPOINT WARNING * * *
You are splashed with acid!
* * * LOW HITPOINT WARNING * * *
An ancient lich comes into view.
You shout at the ancient lich!
The ancient lich touches you but does no damage.
You block the ancient lich's attack.
A white draconian comes into view. It is wielding a +0 short sword.
Unknown command.
Your system partially rejects the healing.
You feel much better.
The Orb Guardian is no longer berserk.
The quicksilver dragon rages.
The orb of fire glows deep purple.
The bolt of fire hits you!! You resist.
You die...

#.........# #............
#.........# #............
#.........# #............
########.########▓▓▓▓#########
#...X...........
##..........yX.#
#........dXL*D#
##.......X*L*## #......yX*L@#
#dX.d...DD*L# #.........XXpW#
#....L.....zpW#
..............^
*..###########... .X^# #.. ##.


You could see 5 orbs of fire, 2 Killer Klowns, a tentacled monstrosity, 5
ancient liches, a storm dragon (berserk), a purple draconian (berserk), a white
draconian, a death cob, 2 quicksilver dragons, 5 Orb Guardians, a shadow wraith
(invisible), 2 moths of wrath and a phantasmal warrior.

Vanquished Creatures
  3 ancient liches
  An orb of fire (Zot:4)
  2 juggernauts
  Boris (Vaults:5)
  Frederick (Vaults:4)
  Vashnia (Snake:4)
  Bai Suzhen (Shoals:4)
  4 curse toes
  14 caustic shrikes
  Saint Roka (Vaults:5)
  Nikola (Depths:3)
  9 golden dragons
  Geryon (Hell)
  the Enchantress (Depths:2)
  4 bone dragons
  4 electric golems
  8 Orb Guardians (Zot:5)
  17 tentacled monstrosities
  6 liches
  3 titans
  8 quicksilver dragons
  A deep elf blademaster (Elf:3)
  An acid blob (Lair:6)
  A deep elf master archer (Elf:3)
  Polyphemus (Shoals:3)
  15 death cobs
  11 tentacled starspawn
  7 sphinxes
  6 tengu reavers
  A kraken (Abyss:3)
  Agnes (D:14)
  Gastronok (Lair:2)
  17 storm dragons
  7 shadow dragons
  Roxanne (D:14)
  An azure jelly (Lair:6)
  6 draconian monks
  Ilsuiw (Shoals:3)
  9 nagarajas
  Donald (Snake:4)
  A revenant (Abyss:2)
  A daeva (Abyss:3)
  6 fire giants
  Aizul (Snake:2)
  18 frost giants
  13 vault wardens
  An iron dragon (Vaults:5)
  9 deep elf sorcerers
  4 ghost moths
  3 draconian knights
  2 imperial myrmidons (Desolation)
  A caustic shrike zombie (Depths:2)
  4 balrugs
  5 draconian scorchers
  Louise (Shoals:4)
  An angel (Abyss:1)
  3 reapers (Hell)
  4 draconian stormcallers (Zot:3)
  14 draconian shifters
  5 deep elf elementalists
  An emperor scorpion (shapeshifter) (Vaults:5)
  7 draconian annihilators
  5 spriggan defenders
  19 ironheart preservers
  23 very ugly things
  3 war gargoyles
  An ophan (Abyss:3)
  12 deep elf demonologists
  15 green draconians
  20 stone giants
  2 vampire knights
  4 entropy weavers
  A lorocyproca (Abyss:2)
  17 red draconians
  2 halazid warlocks (Desolation)
  5 spark wasps (Depths:1)
  13 deep elf annihilators
  6 black draconians
  Azrael (D:13)
  A minotaur (Gauntlet)
  13 purple draconians
  11 white draconians
  Snorg (Orc:2)
  9 merfolk javelineers
  12 yellow draconians
  5 blizzard demons
  2 death oozes (Lair:6)
  6 deep elf death magi
  Josephine (D:15)
  13 fire dragons
  9 merfolk impalers
  8 deep elf high priests
  17 ettins
  8 ragged hierophants (Desolation)
  11 great orbs of eyes
  Harold (Lair:1)
  2 jiangshi (Depths:1)
  18 yaktaur captains
  4 hydras
  7 servants of whispers (Desolation)
  7 spriggan air magi
  11 peacekeepers (Desolation)
  A quicksilver dragon skeleton (Abyss:2)
  12 ice dragons
  8 rakshasas
  An anaconda (shapeshifter) (Depths:2)
  A merfolk avatar (Shoals:4)
  26 vault guards
  8 naga warriors
  7 anacondas
  A catoblepas (Shoals:2)
  6 alligator snapping turtles
  A ghost crab (Abyss:3)
  5 merfolk aquamancers
  A shambling mangrove (Abyss:3)
  8 centaur warriors
  60 two-headed ogres
  2 satyrs
  13 death yaks
  17 ogre magi
  A two-headed ogre (shapeshifter) (Depths:5)
  28 dancing weapons
  8 tengu warriors
  9 hell hogs
  6 deep troll shamans
  A queen ant (Lair:5)
  A death knight (Vaults:5)
  2 vampire magi
  2 titan zombies
  An orc high priest (Elf:2)
  22 thrashing horrors
  7 deep troll earth magi
  4 spriggan berserkers
  7 shock serpents
  8 naga sharpshooters
  24 deep elf knights
  7 hell knights
  9 sun demons
  6 soul eaters
  A titan skeleton (Abyss:3)
  An iron troll (shapeshifter) (Depths:1)
  5 salamander mystics (Snake:4)
  9 wretched stars
  2 iron trolls (Depths:1)
  2 sixfirhies
  A fire crab (Abyss:3)
  2 iron golems
  4 shadow wraiths
  A death drake (shapeshifter) (Vaults:5)
  3 sea snakes (shapeshifter)
  18 skeletal warriors
  An unseen horror (shapeshifter) (Elf:2)
  42 deep trolls
  5 flayed ghosts
  6 spatial maelstroms
  3 unseen horrors
  5 sea snakes
  6 naga ritualists
  A golden dragon zombie (Hell)
  A glowing orange brain (shapeshifter) (Vaults:2)
  5 glowing orange brains
  A kraken simulacrum (Shoals:4)
  3 wizards
  16 deep elf archers
  34 large abominations
  22 ironbrand convokers
  11 orc knights
  4 lindwurms (Snake:4)
  A wolf spider zombie (Hell)
  A harpy (shapeshifter) (Depths:5)
  17 harpies
  An anaconda skeleton (Abyss:2)
  An obsidian statue (Vaults:1)
  5 phantasmal warriors
  20 mana vipers
  4 necromancers
  29 ugly things
  12 cyclopes
  59 deep elf magi
  A frost giant zombie (Abyss:3)
  2 orc sorcerers
  2 shadow dragon zombies
  6 wolf spiders
  11 fauns
  5 salamanders
  A worldbinder (Abyss:3)
  12 manticores
  A stone giant zombie (Abyss:3)
  20 moths of wrath
  A manticore (shapeshifter) (Vaults:5)
  3 frost giant skeletons
  45 black mambas
  A fire giant skeleton (Abyss:2)
  2 elephants (shapeshifter)
  2 guardian serpents (shapeshifter) (Depths:5)
  8 guardian serpents
  3 elephants (Lair:4)
  2 centaur zombies
  9 merfolk sirens
  24 naga magi
  9 rust devils
  22 spiny frogs
  A titan simulacrum (Depths:2)
  2 apocalypse crabs (Abyss:3)
  A torpor snail (shapeshifter) (Vaults:5)
  10 smoke demons
  7 vault sentinels
  A molten gargoyle (Desolation)
  An eye of devastation (shapeshifter) (Vaults:5)
  2 water nymphs
  2 gargoyles
  2 kobold demonologists
  An orange demon (Abyss:2)
  4 centaur skeletons
  3 rime drakes
  A yaktaur zombie (Vaults:3)
  6 ancient zymes (Abyss:3)
  8 freezing wraiths
  A yaktaur skeleton (Vaults:3)
  2 demonic crawlers
  4 ice devils
  52 yaktaurs
  An anaconda simulacrum (Hell)
  5 tengu conjurers
  A yellow draconian zombie (Abyss:3)
  10 komodo dragons
  A queen bee (shapeshifter) (Vaults:2)
  A hellwing (Abyss:3)
  2 merfolk (shapeshifter)
  A red devil (Hell)
  30 merfolk
  A wolf spider simulacrum (Abyss:3)
  A meliai (shapeshifter) (Depths:4)
  A polar bear (shapeshifter) (Vaults:3)
  11 trolls
  12 hornets
  6 wind drakes
  A hydra zombie (Hell)
  Grinder (D:4)
  An alligator zombie (Hell)
  A hornet (shapeshifter) (Depths:3)
  23 raiju
  6 snapping turtles
  9 polar bears (Lair:6)
  63 saltlings (Desolation)
  A dream sheep (Lair:6)
  An ice dragon zombie (Hell)
  24 slime creatures
  8 hippogriffs
  12 blink frogs
  A hydra skeleton (Hell)
  A hippogriff (shapeshifter) (Depths:3)
  A meliai zombie (D:13)
  3 shadows
  3 air elementals
  3 redbacks
  18 starcursed masses
  4 spriggans
  2 tarantellas (Vaults:1)
  A redback (shapeshifter) (Vaults:5)
  Sigmund (D:3)
  2 ynoxinuls
  2 tarantellas (shapeshifter)
  2 yaks (shapeshifter)
  A vampire (D:15)
  An ettin skeleton (Abyss:2)
  10 wraiths
  A basilisk (D:12)
  13 fire elementals
  20 water elementals
  16 yaks
  9 wyverns
  4 hungry ghosts
  3 golden eyes (Abyss:1)
  2 steam dragons (Gauntlet)
  7 neqoxecs
  4 chaos spawn
  A hog (shapeshifter) (Vaults:1)
  3 vampire mosquitoes (D:13)
  11 spatial vortices
  15 wargs
  An insubstantial wisp (Abyss:3)
  14 small abominations
  22 soldier ants (Lair:5)
  5 acid dragons
  A spiny frog zombie (Hell)
  32 nagas
  24 hell hounds
  20 water moccasins
  8 porcupines
  2 floating eyes (Depths:4)
  2 hydra simulacra (Hell)
  24 orc warriors
  An eye of draining (shapeshifter) (Depths:3)
  An ettin simulacrum (Vaults:2)
  4 eyes of draining
  A necrophage (D:7)
  12 black bears
  A phantom (D:10)
  5 ice beasts
  45 ogres
  13 wolves (Lair:6)
  A manticore skeleton (Abyss:2)
  10 boggarts
  12 crocodiles
  20 centaurs
  2 big kobolds
  18 bullfrogs
  2 earth elementals
  2 wyvern skeletons
  3 scorpions
  5 killer bees (D:10)
  18 wights
  3 electric eels
  8 crimson imps
  9 quasits
  16 jellies
  22 orc priests
  5 hounds
  An iron imp (Depths:2)
  A bullfrog skeleton (D:5)
  4 hell rats (Hell)
  3 iguanas
  33 worker ants
  16 orc wizards
  A howler monkey zombie (D:5)
  2 worker ant zombies
  Robin (D:3)
  4 adders
  A gnoll (D:1)
  A howler monkey skeleton (D:8)
  5 shadow imps
  4 white imps (Abyss:2)
  5 ufetubi
  7 oozes (Lair:6)
  An adder skeleton (D:10)
  A worm (D:2)
  2 dart slugs (D:1)
  3 leopard geckos
  81 orcs
  6 giant cockroaches
  11 goblins
  12 hobgoblins
  6 jackals
  5 quokkas
  2 ball pythons (D:3)
  6 bats
  6 frilled lizards
  16 kobolds
  A leopard gecko skeleton (D:7)
  4 rats
  A crawling corpse (Depths:4)
  5 fungi
  A lurking horror (Abyss:3)
  15 plants
  14 starspawn tentacles (Abyss:3)
  5 tentacles
2697 creatures vanquished.

Vanquished Creatures (collateral kills)
  2 stone giants
  2 merfolk impalers (Shoals:4)
  A two-headed ogre (Depths:1)
  An ogre mage (Depths:1)
  An iron troll (Depths:1)
  A sea snake (Shoals:4)
  A yaktaur (Depths:1)
  A snapping turtle (Shoals:4)
10 creatures vanquished.

Vanquished Creatures (others)
  A deep elf master archer (Elf:3)
  A draconian knight (Zot:3)
  A stone giant (Depths:3)
  A yaktaur captain (Vaults:5)
  A two-headed ogre (Depths:2)
  A satyr (Shoals:2)
  A spriggan berserker (Depths:2)
  3 naga sharpshooters (Snake:4)
  A sun demon (Abyss:2)
  4 deep elf archers
  An ironbrand convoker (Vaults:3)
  A wizard (Vaults:3)
  An anaconda skeleton (Hell)
  A cyclops (Shoals:3)
  An apocalypse crab (Abyss:3)
  13 yaktaurs
  2 spriggans (Depths:2)
  An ogre (Depths:3)
  A centaur (Vaults:3)
  An iron imp (Abyss:3)
  A crawling corpse (Depths:4)
  6 fungi (Lair:6)
  2 lurking horrors (Abyss:3)
  60 plants
  19 starspawn tentacles
  7 tentacles
133 creatures vanquished.

Grand Total: 2840 creatures vanquished

Notes
Turn   | Place    | Note
-------+----------+-------------------------------------------
     0 | D:1      | psychadelicpimpin the Minotaur Fighter began the quest for
                  | the Orb.
     0 | D:1      | Reached XP level 1. HP: 19/19 MP: 0/0
    39 | D:1      | Reached XP level 2. HP: 21/26 MP: 1/1
   208 | D:1      | Reached XP level 3. HP: 26/31 MP: 2/2
   349 | D:1      | Reached skill level 5 in Shields
   776 | D:2      | Reached XP level 4. HP: 38/39 MP: 3/3
   783 | D:2      | Found a blossoming altar of Fedhas.
  1561 | D:3      | Noticed Robin
  1566 | D:3      | Killed Robin
  1676 | D:3      | Noticed Sigmund
  1696 | D:4      | Noticed an ogre
  1701 | D:4      | Killed an ogre
  1701 | D:4      | Reached XP level 5. HP: 34/45 MP: 4/4
  1799 | D:4      | Noticed Grinder
  1799 | D:4      | Paralysed by Grinder for 2 turns
  1806 | D:4      | Killed Grinder
  1806 | D:4      | Reached skill level 5 in Axes
  1806 | D:4      | Reached XP level 6. HP: 15/51 MP: 5/5
  2149 | D:4      | Found Zymatug's General Store.
  2165 | D:4      | Bought a scroll of teleportation for 42 gold pieces
  2165 | D:4      | Bought a potion of curing for 42 gold pieces
  2268 | D:4      | Found Veucicir's Food Shoppe.
  2487 | D:4      | Found Deduoh's Assorted Antiques.
  2557 | D:4      | Got a transparent hand axe
  2558 | D:4      | Identified the +8 hand axe of Kuruhut {venom, *Rage +Rage
                  | rPois} (You found it on level 4 of the Dungeon)
  2619 | D:4      | Reached XP level 7. HP: 49/57 MP: 6/6
  2700 | D:4      | Bought 2 orange potions for 52 gold pieces
  2700 | D:4      | Bought a purple potion for 26 gold pieces
  2747 | D:5      | Entered Level 5 of the Dungeon
  2796 | D:5      | Found a staircase to the Ecumenical Temple.
  2810 | D:5      | Found an ancient bone altar of Kikubaaqudgha.
  2934 | D:5      | Found Vajiddeh's Jewellery Boutique.
  3012 | D:5      | Found a burning altar of Makhleb.
  3040 | D:5      | Became a worshipper of Makhleb the Destroyer
  4094 | D:6      | Found a shadowy altar of Dithmenos.
  4678 | D:3      | Killed Sigmund
  4678 | D:3      | Reached skill level 10 in Shields
  4678 | D:3      | Reached XP level 8. HP: 51/64 MP: 7/7
  4860 | Temple   | Entered the Ecumenical Temple
  5510 | D:7      | Found a shimmering blue altar of Sif Muna.
  5601 | D:7      | Noticed a two-headed ogre
  5614 | D:7      | Killed a two-headed ogre
  5614 | D:7      | Reached XP level 9. HP: 63/70 MP: 8/8
  5641 | D:7      | Got a warped chain mail
  5652 | D:7      | Identified the +7 chain mail of the Gravedigger {rF++ Dex-4
                  | Slay+5 Stlth+} (You found it on level 7 of the Dungeon)
  5695 | D:7      | Found a snail-covered altar of Cheibriados.
  5696 | D:7      | Found a hazy altar of Hepliaklqana.
  5697 | D:7      | Found a stormy altar of Qazlal.
  5697 | D:7      | Found a glowing silver altar of Zin.
  5698 | D:7      | Found an opulent altar of Gozag.
  6292 | D:8      | Reached * piety under Makhleb
  6316 | D:8      | Got a polished great sword
  6326 | D:8      | Identified the cursed +2 great sword of Quick Death
                  | {vorpal, rC+ Str+4} (You found it on level 8 of the
                  | Dungeon)
  6360 | D:8      | Found a shattered altar of Ashenzari.
  6490 | D:8      | Found a staircase to the Lair.
  6813 | D:9      | Found a staircase to the Orcish Mines.
  6856 | D:9      | Reached XP level 10. HP: 63/77 MP: 9/9
  7043 | D:9      | Reached skill level 15 in Shields
  7119 | D:9      | Reached ** piety under Makhleb
  7490 | D:9      | Found a roughly hewn altar of Beogh.
  7513 | Orc:1    | Entered Level 1 of the Orcish Mines
  7545 | Orc:2    | Entered Level 2 of the Orcish Mines
  7554 | Orc:2    | Noticed an orc sorcerer
  7565 | Orc:2    | Reached skill level 10 in Axes
  7570 | Orc:2    | Killed an orc sorcerer
  7634 | Orc:1    | Reached skill level 5 in Fighting
  7739 | Orc:2    | Noticed an orc knight
  7764 | D:10     | Entered Level 10 of the Dungeon
  7806 | D:10     | Killed an unseen horror
  8047 | D:10     | Noticed a two-headed ogre
  8048 | D:10     | Noticed a gargoyle
  8051 | D:10     | Killed a two-headed ogre
  8055 | D:10     | Killed a gargoyle
  8055 | D:10     | Reached XP level 11. HP: 89/91 MP: 10/10
  8380 | D:10     | Reached *** piety under Makhleb
  8762 | D:11     | Found a shattered altar of Ashenzari.
  8846 | D:11     | Found a runed translucent gate.
  8847 | D:11     | Found a runed translucent gate.
  8847 | D:11     | Noticed Egumyaly's ghost (journeyman DDFi)
  8847 | D:11     | Noticed a ten-headed hydra
  8878 | D:11     | Found a runed translucent gate.
  8879 | D:11     | Noticed a nine-headed hydra
  9513 | D:11     | Noticed a white ugly thing
  9521 | D:11     | Killed a white ugly thing
 10045 | D:12     | Reached **** piety under Makhleb
 10755 | D:13     | Noticed a seven-headed hydra
 10775 | D:13     | Noticed a vault guard
 10783 | D:13     | Killed a 13-headed hydra
 10813 | D:13     | Killed a vault guard
 10834 | D:13     | Found a gate to the Vaults.
 10921 | D:13     | Noticed a tengu warrior
 10937 | D:13     | Killed a tengu warrior
 10937 | D:13     | Reached XP level 12. HP: 106/106 MP: 11/11
 10975 | D:13     | Found a gate leading to a gauntlet.
 10979 | Gauntlet | Entered a Gauntlet
 10979 | Gauntlet | Found a transporter.
 10979 | Gauntlet | Found a transporter.
 10982 | Gauntlet | Found a transporter.
 10983 | Gauntlet | Found a transporter.
 10986 | Gauntlet | Found a transporter.
 10986 | Gauntlet | Found a transporter.
 10988 | Gauntlet | Noticed a catoblepas
 11020 | Gauntlet | Found a transporter.
 11024 | Gauntlet | Found a transporter.
 11028 | Gauntlet | Found a transporter.
 11044 | Gauntlet | Found a transporter.
 11058 | Gauntlet | Found a transporter.
 11062 | Gauntlet | Found a transporter.
 11130 | Gauntlet | Reached skill level 15 in Axes
 11132 | Gauntlet | Got a faintly humming scale mail
 11143 | Gauntlet | Identified the +6 scale mail "Ykyne" {rElec MR+ MP+9} (You
                  | found it in a Gauntlet)
 11322 | Gauntlet | Reached skill level 10 in Fighting
 11345 | Gauntlet | Got a warped silver ring
 11347 | Gauntlet | Identified the ring of Koidua {Ice rElec rN+ Str-4 Int+6}
                  | (You found it in a Gauntlet)
 11381 | Gauntlet | Identified the +8 chain mail of Words of Power {+Fly
                  | Regen+}
 11381 | Gauntlet | Identified the ring of Jauggey {rC++ Int+2}
 11381 | Gauntlet | Noticed a minotaur
 11398 | Gauntlet | Killed a minotaur
 11407 | Gauntlet | Got a pitted shortbow
 11407 | Gauntlet | Got a shimmering ring mail
 11418 | Gauntlet | Identified the +2 ring mail of Sosamor {rN+} (You found it
                  | in a Gauntlet)
 11467 | Gauntlet | Identified the +5 shortbow of Ricol {vorpal, MR- Dex+6}
                  | (You found it in a Gauntlet)
 11730 | Lair:1   | Entered Level 1 of the Lair of Beasts
 11981 | Lair:1   | Noticed Harold
 11984 | Lair:1   | Reached skill level 5 in Armour
 12005 | Lair:1   | Killed Harold
 12281 | Lair:1   | Reached ***** piety under Makhleb
 12461 | D:6      | Got an ancient whip
 12462 | D:6      | Identified the +7 whip of Terra Cotta {speed, rPois rF-
                  | MP+9 SInv} (You found it on level 6 of the Dungeon)
 12822 | Lair:2   | Noticed a death yak
 12822 | Lair:2   | Noticed a death yak
 12824 | Lair:2   | Noticed a death yak
 12824 | Lair:2   | Noticed a death yak
 12826 | Lair:2   | Noticed a death yak
 12833 | Lair:2   | Noticed a death yak
 12842 | Lair:2   | Killed a death yak
 12847 | Lair:2   | Killed a death yak
 12851 | Lair:2   | Killed a death yak
 12855 | Lair:2   | Killed a death yak
 12855 | Lair:2   | Reached XP level 13. HP: 119/119 MP: 12/12
 12910 | Lair:2   | Noticed Gastronok
 12927 | Lair:2   | Killed Gastronok
 13303 | Lair:2   | Found a transporter.
 13312 | Lair:2   | Identified the cursed +2 trident "Orim" {flame, MR+ Int+6}
 13312 | Lair:2   | Noticed Veesoum's ghost (journeyman VSAs)
 13313 | Lair:2   | Found a bloodstained altar of Trog.
 13317 | Lair:2   | Found a transporter.
 13320 | Lair:2   | Identified the amulet "Selaxu" {Acrobat +Inv rElec MR+
                  | Dex-3}
 14037 | Lair:3   | Found a staircase to the Shoals.
 14184 | Lair:3   | Reached skill level 10 in Armour
 14195 | Lair:3   | Found a staircase to the Snake Pit.
 15653 | Lair:5   | Got an encrusted triple crossbow
 15654 | Lair:5   | Identified the cursed +1 triple crossbow of the Empty Page
                  | {freeze, rN+ MR+ Dex+3} (You found it on level 5 of the
                  | Lair of Beasts)
 15819 | Lair:5   | Found a viscous altar of Jiyva.
 15819 | Lair:5   | Found a staircase to the Slime Pits.
 15886 | Lair:5   | Noticed an entropy weaver
 15900 | Lair:5   | Killed an entropy weaver
 15901 | Lair:5   | Noticed an entropy weaver
 15936 | Lair:5   | Killed an entropy weaver
 15936 | Lair:5   | Reached skill level 15 in Fighting
 15936 | Lair:5   | Reached XP level 14. HP: 39/135 MP: 13/13
 16294 | Lair:5   | Reached ****** piety under Makhleb
 16668 | Lair:6   | Entered Level 6 of the Lair of Beasts
 16692 | Lair:6   | Found a blossoming altar of Fedhas.
 17964 | Lair:6   | Noticed an azure jelly
 17979 | Lair:6   | Killed an azure jelly
 17987 | Lair:6   | Noticed an acid blob
 18446 | Lair:6   | Killed an acid blob
 19395 | Orc:2    | Noticed Snorg
 19404 | Orc:2    | Reached XP level 15. HP: 147/147 MP: 14/14
 19412 | Orc:2    | Killed Snorg
 19412 | Orc:2    | Reached skill level 15 in Armour
 20080 | Orc:2    | Found Ymufug's Food Emporium.
 20099 | Orc:2    | Found Gavvaumn's Jewellery Boutique.
 20104 | Orc:2    | Found Vuf Fao's Food Shoppe.
 20105 | Orc:2    | Found Jobug's Food Emporium.
 20267 | Orc:2    | Found a staircase to the Elven Halls.
 20456 | Orc:2    | Bought the ring "Kaibi" {rF+ MR+ Str+2 Dex+4} for 722 gold
                  | pieces
 20596 | D:5      | Bought a +4 amulet of reflection for 405 gold pieces
 20883 | Lair:3   | Gained mutation: You occasionally shout uncontrollably at
                  | your foes. [potion of mutation]
 20883 | Lair:3   | Gained mutation: You are clumsy. (Dex -2) [potion of
                  | mutation]
 20883 | Lair:3   | Gained mutation: Your mind is acute. (Int +2) [potion of
                  | mutation]
 20884 | Lair:3   | Lost mutation: You occasionally shout uncontrollably at
                  | your foes. [potion of mutation]
 20884 | Lair:3   | Lost mutation: Your mind is acute. (Int +2) [potion of
                  | mutation]
 20884 | Lair:3   | Gained mutation: You tend to lose your temper in combat.
                  | [potion of mutation]
 20884 | Lair:3   | Lost mutation: You are clumsy. (Dex -2) [potion of
                  | mutation]
 20884 | Lair:3   | Gained mutation: You are partially covered in iridescent
                  | scales. (AC +2) [potion of mutation]
 20885 | Lair:3   | Lost mutation: You tend to lose your temper in combat.
                  | [potion of mutation]
 20885 | Lair:3   | Lost mutation: You are partially covered in iridescent
                  | scales. (AC +2) [potion of mutation]
 20885 | Lair:3   | Gained mutation: You are agile. (Dex +2) [potion of
                  | mutation]
 20885 | Lair:3   | Gained mutation: You have sharp toenails. [potion of
                  | mutation]
 20885 | Lair:3   | Gained mutation: You are resistant to hostile enchantments.
                  | (MR+) [potion of mutation]
 20885 | Lair:3   | Gained mutation: You are partially covered in slimy green
                  | scales. (AC +2) [potion of mutation]
 20887 | Snake:1  | Entered Level 1 of the Snake Pit
 21039 | Snake:1  | Reached skill level 1 in Invocations
 21171 | Snake:1  | Found Zaceux's Jewellery Emporium.
 21171 | Snake:1  | Found Ymaga's Gadget Shop.
 21172 | Snake:1  | Found Qiupaph's Jewellery Emporium.
 21357 | Snake:2  | Noticed Aizul
 21379 | Snake:2  | Killed Aizul
 21485 | Snake:2  | Reached skill level 5 in Invocations
 21980 | Snake:2  | Noticed a nagaraja
 21995 | Snake:2  | Killed a nagaraja
 22543 | Snake:3  | Noticed a nagaraja
 22549 | Snake:3  | Killed a nagaraja
 23096 | Shoals:1 | Entered Level 1 of the Shoals
 23105 | Shoals:1 | Reached XP level 16. HP: 158/159 MP: 20/20
 24833 | Shoals:3 | Noticed Polyphemus
 24888 | Shoals:3 | Noticed Ilsuiw
 25312 | Shoals:3 | Got a pair of translucent gloves
 25318 | Shoals:3 | Identified the cursed +0 pair of gloves of the Jabberwock
                  | {Slay+3} (You found it on level 3 of the Shoals)
 25341 | Shoals:3 | Noticed an Executioner
 26247 | D:13     | Noticed Azrael
 26264 | D:13     | Killed Azrael
 26265 | D:13     | Found a shimmering blue altar of Sif Muna.
 26657 | D:13     | Identified 2 scrolls of acquirement
 26659 | D:13     | Identified the amulet of Tuowkavu {Acrobat rElec rPois rN+
                  | Str+4} (You acquired it on level 13 of the Dungeon)
 27191 | D:14     | Found a sacrificial altar of Ru.
 27369 | D:14     | Noticed Agnes
 27376 | D:14     | Killed Agnes
 27499 | D:14     | Noticed Roxanne
 27957 | D:14     | Killed Roxanne
 28157 | D:14     | Identified the amulet "Koru" {Spirit Dex+2}
 28303 | D:15     | Entered Level 15 of the Dungeon
 28310 | D:15     | Noticed Josephine
 28323 | D:15     | Killed Josephine
 28427 | D:15     | Reached XP level 17. HP: 172/172 MP: 21/21
 28690 | D:15     | Found a staircase to the Depths.
 28813 | D:15     | Found a shimmering blue altar of Sif Muna.
 29688 | Shoals:3 | Killed Polyphemus
 30067 | Shoals:3 | Killed Ilsuiw
 30226 | Shoals:4 | Entered Level 4 of the Shoals
 30279 | Shoals:4 | Identified the +5 great mace of Discord {pain, Int+2}
 30453 | Shoals:4 | Noticed Bai Suzhen
 31126 | Shoals:4 | Noticed Louise
 31224 | Shoals:4 | Killed Louise
 31343 | Shoals:4 | Killed Bai Suzhen
 32377 | Shoals:4 | Found a runed translucent gate.
 32378 | Shoals:4 | Found a runed translucent gate.
 32389 | Shoals:4 | Found a runed translucent gate.
 32389 | Shoals:4 | Noticed Paroid's ghost (adept DgWz)
 32816 | Shoals:4 | Got a barnacled rune of Zot
 33004 | Snake:4  | Entered Level 4 of the Snake Pit
 33007 | Snake:4  | Noticed Vashnia
 33026 | Snake:4  | Reached XP level 18. HP: 180/180 MP: 17/22
 33131 | Snake:4  | Killed Vashnia
 33337 | Snake:4  | Noticed Donald
 33346 | Snake:4  | Killed Donald
 33354 | Snake:4  | Found Ysmapsi's Jewellery Boutique.
 34336 | Snake:4  | Got a serpentine rune of Zot
 34748 | Vaults:1 | Entered Level 1 of the Vaults
 34956 | Vaults:1 | Found a ruined gateway.
 34971 | Desolati | Entered the Desolation of Salt
 35002 | Desolati | Reached XP level 19. HP: 188/188 MP: 23/23
 35163 | Desolati | Identified Henkinn's Compendium of Ashen Displacement
 35179 | Desolati | Got a transparent amber ring
 35181 | Desolati | Identified the ring of Cairyenn {rF- rC+++ rN+++ SInv
                  | Stlth+} (You found it in the Desolation of Salt)
 35243 | Desolati | Got a faintly humming cloak
 35254 | Desolati | Identified the +0 cloak of Asceticism {+Fly} (You found it
                  | in the Desolation of Salt)
 35426 | Desolati | Identified the Tome of the Excruciating Entourage
 36759 | D:4      | Bought a scroll of enchant weapon for 105 gold pieces
 38079 | Vaults:2 | Noticed a bone dragon
 38100 | Vaults:2 | Killed a bone dragon
 38138 | Vaults:2 | Found a staircase to the Crypt.
 38318 | Vaults:2 | Reached XP level 20. HP: 195/195 MP: 24/24
 38659 | Vaults:2 | Identified the +6 longbow "Ban Nifeoli" {flame, rF+ rC++}
 38874 | Vaults:2 | Found a portal to a secret trove of treasure.
 39705 | Vaults:3 | Found Kupug's Jewellery Shoppe.
 40886 | Vaults:4 | Reached XP level 21. HP: 204/204 MP: 21/25
 40970 | Vaults:4 | Noticed Frederick
 40978 | Vaults:4 | Killed Frederick
 41606 | Vaults:5 | Entered Level 5 of the Vaults
 41727 | Vaults:5 | Gained mutation: You are weak. (Str -2) [a shining eye]
 41760 | Vaults:5 | Noticed Boris
 41769 | Vaults:5 | Killed Boris
 41831 | Vaults:5 | Noticed an ancient lich
 41845 | Vaults:5 | Killed an ancient lich
 41888 | Vaults:5 | Reached XP level 22. HP: 215/215 MP: 26/26
 42068 | Vaults:5 | Identified the Grimoire of the Flamy Birds
 42085 | Vaults:5 | Noticed a golden dragon
 42095 | Vaults:5 | Killed a golden dragon
 42199 | Vaults:5 | Got a silver rune of Zot
 42207 | Vaults:5 | Got a transparent jade amulet
 42209 | Vaults:5 | Identified the amulet "Rinar" {Gourm Dex+4} (You found it
                  | on level 5 of the Vaults)
 42250 | Vaults:5 | Noticed Saint Roka
 42264 | Vaults:5 | Killed Saint Roka
 42776 | Vaults:5 | Identified Sif Muna's Collected Works on Flight and the
                  | Entourage
 43128 | Vaults:5 | Identified the Handbook of Heat and Contamination
 43153 | Vaults:5 | Identified the +3 plate armour "Cizeru" {*Contam +Fly rElec
                  | rCorr} (You found it on level 5 of the Vaults)
 43281 | Vaults:5 | Identified the Grimoire of Feathery Transmutation
 43386 | Vaults:5 | Identified the cursed ring "Jan Soti" {rElec MR+ Int-2
                  | Dex-2} (You found it on level 5 of the Vaults)
 43441 | Vaults:5 | Got an iridescent battleaxe
 43442 | Vaults:5 | Identified the +1 battleaxe of Jaoplipp {speed, SInv} (You
                  | found it on level 5 of the Vaults)
 43504 | Vaults:5 | Noticed an ancient lich
 43511 | Vaults:5 | Killed an ancient lich
 43766 | Depths:1 | Entered Level 1 of the Depths
 43788 | Depths:1 | Paralysed by fainting for 10 turns
 43919 | Depths:1 | Found a white marble altar of Elyvilon.
 44000 | Depths:1 | Reached XP level 23. HP: 223/225 MP: 25/27
 44146 | Depths:1 | Noticed a caustic shrike
 44151 | Depths:1 | Killed a caustic shrike
 44290 | Depths:1 | Found a gateway to Hell.
 44466 | Hell     | Entered the Vestibule of Hell
 44466 | Hell     | Noticed Geryon
 44916 | Hell     | Killed Geryon
 44971 | Hell     | Found a gateway to the freezing wastes of Cocytus.
 45087 | Hell     | Found a gateway to the decaying netherworld of Tartarus.
 45196 | Hell     | Found a gateway to the ashen valley of Gehenna.
 45267 | Hell     | Found a gateway to the Iron City of Dis.
 45413 | Depths:2 | Found a large runed translucent door.
 45416 | Depths:2 | Found a large runed translucent door.
 45418 | Depths:2 | Noticed Geeleh's ghost (veteran FoFi)
 45678 | Depths:2 | Identified a +2 pair of boots of running (You found it on
                  | level 2 of the Depths)
 46058 | Depths:2 | Found a one-way gate leading to the halls of Pandemonium.
 46229 | Depths:2 | Noticed the Enchantress
 46260 | Depths:2 | Killed the Enchantress
 46264 | Depths:2 | Reached skill level 27 in Shields
 46365 | Depths:3 | Noticed Nikola
 46377 | Depths:3 | Killed Nikola
 46417 | Depths:3 | Reached XP level 24. HP: 235/235 MP: 20/27
 46536 | Depths:3 | Identified the +7 war axe "Oxtuamud" {holy, rElec rF+
                  | Dex-5}
 46846 | Depths:3 | Noticed a juggernaut
 46864 | Depths:3 | Killed a juggernaut
 46964 | Depths:3 | Found a one-way gate to the infinite horrors of the Abyss.
 47413 | Depths:4 | Noticed a juggernaut
 47435 | Depths:4 | Killed a juggernaut
 47770 | Depths:4 | Identified the ring "Plog" {Dex+2 Slay+5}
 47783 | Depths:4 | Reached XP level 25. HP: 208/246 MP: 19/27
 48090 | Depths:4 | Found a gateway to a ziggurat.
 48666 | Depths:5 | Entered Level 5 of the Depths
 49201 | Depths:5 | Reached skill level 10 in Invocations
 49222 | Depths:5 | Found a gate to the Realm of Zot.
 49480 | Depths:5 | Found a portal to a secret trove of treasure.
 49858 | Depths:4 | Voluntarily entered the Abyss.
 49870 | Abyss:1  | Found a corrupted altar of Lugonu.
 50025 | Abyss:2  | Found a corrupted altar of Lugonu.
 50178 | Abyss:2  | Lost intelligence.
 50326 | Abyss:2  | Found an ornate altar of the Wu Jian Council.
 50680 | Abyss:2  | Gained mutation: You are very weak. (Str -4) [a neqoxec]
 50770 | Abyss:3  | Found a corrupted altar of Lugonu.
 50893 | Abyss:3  | Reached XP level 26. HP: 258/258 MP: 30/30
 51243 | Abyss:3  | Got a pair of transparent gloves
 51552 | Abyss:3  | Found a corrupted altar of Lugonu.
 51570 | Abyss:3  | Found a corrupted altar of Lugonu.
 51572 | Abyss:3  | Gained mutation: Your spells are a little easier to cast,
                  | but a little less powerful. [a neqoxec]
 51752 | Abyss:3  | Got an abyssal rune of Zot
 52119 | Abyss:3  | Paralysed by accursed screaming for 1 turns
 52146 | Depths:4 | Escaped the Abyss
 52517 | Elf:1    | Entered Level 1 of the Elven Halls
 52535 | Elf:1    | Found Lona's Gadget Shop.
 53223 | Elf:2    | Found a runed translucent gate.
 53223 | Elf:2    | Found a runed translucent gate.
 53224 | Elf:2    | Found a runed translucent gate.
 53451 | Elf:2    | Reached skill level 27 in Armour
 53653 | Elf:2    | Found a shimmering blue altar of Sif Muna.
 53801 | Elf:2    | Reached XP level 27. HP: 268/268 MP: 32/32
 53979 | Elf:3    | Entered Level 3 of the Elven Halls
 54002 | Elf:3    | Found a flickering gateway to a bazaar.
 54015 | Bazaar   | Entered a bazaar
 54031 | Bazaar   | Found Dulutrue's Distillery.
 54062 | Bazaar   | Found Lied's Distillery.
 54084 | Bazaar   | Found Biecash's Gadget Shoppe.
 54110 | Bazaar   | Found Jickouz's Gadget Shoppe.
 54172 | Bazaar   | Bought a potion of haste for 100 gold pieces
 54172 | Bazaar   | Bought a potion of lignification for 30 gold pieces
 54172 | Bazaar   | Bought a potion of heal wounds for 50 gold pieces
 54172 | Bazaar   | Bought 2 potions of curing for 60 gold pieces
 54172 | Bazaar   | Bought a potion of heal wounds for 50 gold pieces
 54172 | Bazaar   | Bought a potion of resistance for 100 gold pieces
 54172 | Bazaar   | Bought a potion of stabbing for 40 gold pieces
 54172 | Bazaar   | Bought a potion of brilliance for 40 gold pieces
 54172 | Bazaar   | Bought a potion of magic for 80 gold pieces
 54172 | Bazaar   | Bought a potion of flight for 30 gold pieces
 54172 | Bazaar   | Bought a potion of magic for 80 gold pieces
 54202 | Bazaar   | Bought a potion of curing for 24 gold pieces
 54202 | Bazaar   | Bought a potion of might for 32 gold pieces
 54202 | Bazaar   | Bought a potion of curing for 24 gold pieces
 54202 | Bazaar   | Bought a potion of haste for 80 gold pieces
 54202 | Bazaar   | Bought a potion of heal wounds for 40 gold pieces
 54202 | Bazaar   | Bought a potion of stabbing for 32 gold pieces
 54202 | Bazaar   | Bought a potion of magic for 64 gold pieces
 54202 | Bazaar   | Bought a potion of might for 32 gold pieces
 54202 | Bazaar   | Bought 2 potions of might for 64 gold pieces
 54202 | Bazaar   | Bought a potion of mutation for 64 gold pieces
 54232 | Bazaar   | Bought 2 potions of mutation for 160 gold pieces
 54980 | Elf:3    | Reached skill level 15 in Invocations
 55576 | Elf:3    | Identified the ring "Linusa" {+Inv rElec rPois MR+}
 55638 | Elf:3    | Identified the ring of Xom's Bemusement {rPois rF- Int+5
                  | SInv Stlth-}
 55724 | Elf:3    | Found the +6 arbalest "Damnation" {damnation}
 55753 | Elf:3    | Identified the Handbook of Attacks and the Snowflakes
 55777 | Elf:3    | Identified the amulet of Peace {Gourm rC+ Int+2} (You
                  | acquired it on level 3 of the Elven Halls)
 56676 | Depths:5 | You paid a toll of a +7 demon blade to enter a treasure
                  | trove
 56677 | Trove    | Entered a treasure trove
 56697 | Trove    | Got a heavily runed lapis lazuli ring
 56701 | Trove    | Got a smoking tin amulet
 56704 | Trove    | Got a slimy iron ring
 56711 | Trove    | Got a translucent platinum ring
 56714 | Trove    | Got a heavily runed platinum amulet
 56716 | Trove    | Got a bound tin amulet
 56718 | Trove    | Identified the amulet "Tociff" {Regen+ Dex+3} (You found it
                  | in a treasure trove)
 56719 | Trove    | Identified the amulet "Toafou" {Regen+ Str+3} (You found it
                  | in a treasure trove)
 56722 | Trove    | Identified the ring "Ishryvvas" {*Contam EV+4 Str+8} (You
                  | found it in a treasure trove)
 56724 | Trove    | Identified the amulet of Xoschuoss {+Rage rF+++ rN+ Str-5
                  | Slay+2} (You found it in a treasure trove)
 56726 | Trove    | Identified the ring "Pipewuk" {Str+5 Dex+6} (You found it
                  | in a treasure trove)
 56729 | Trove    | Identified the ring of Deponyin {+Inv rElec rPois Dex-4
                  | Slay+4} (You found it in a treasure trove)
 56732 | Trove    | Got a sparkling graven amulet
 56733 | Trove    | Identified the amulet of Lilacs {rC+ Regen+} (You found it
                  | in a treasure trove)
 56735 | Trove    | Got a pitted bronze ring
 56737 | Trove    | Identified the ring "Zefeu" {rF- Str+5 Stlth+} (You found
                  | it in a treasure trove)
 56779 | Depths:5 | Gained mutation: Your body sometimes deteriorates upon
                  | taking damage. [mutagenic glow]
 56961 | Zot:1    | Entered Level 1 of the Realm of Zot
 56975 | Zot:1    | Reached skill level 1 in Dodging
 57069 | Zot:1    | Reached skill level 5 in Dodging
 57453 | Zot:2    | Found a transporter.
 57455 | Zot:2    | Found a shimmering blue altar of Sif Muna.
 57459 | Zot:2    | Noticed an orb of fire
 57460 | Zot:2    | Noticed an ancient lich
 57957 | Zot:2    | Noticed an orb of fire
 58602 | Zot:3    | Reached skill level 27 in Fighting
 58602 | Zot:3    | Reached skill level 10 in Dodging
 59027 | Zot:3    | Reached skill level 27 in Axes
 60143 | Zot:4    | Noticed an orb of fire
 60146 | Zot:4    | Gained mutation: Your magical capacity is low. (-10% MP)
                  | [an orb of fire]
 60153 | Zot:4    | Gained mutation: Armour fits poorly on your strangely
                  | shaped body. [an orb of fire]
 60158 | Zot:4    | Gained mutation: Your magical capacity is very low. (-20%
                  | MP) [an orb of fire]
 60162 | Zot:4    | Gained mutation: You are frail. (-10% HP) [an orb of fire]
 60164 | Zot:4    | Gained mutation: Potions are less effective at restoring
                  | your health. [an orb of fire]
 60165 | Zot:4    | Killed an orb of fire
 60165 | Zot:4    | Reached skill level 15 in Dodging
 60844 | Zot:5    | Entered Level 5 of the Realm of Zot
 61216 | Zot:5    | Noticed an ancient lich
 61220 | Zot:5    | Noticed an orb of fire
 61223 | Zot:5    | Noticed an orb of fire
 61226 | Zot:5    | Noticed an ancient lich
 61230 | Zot:5    | Noticed an orb of fire
 61231 | Zot:5    | Noticed an orb of fire
 61233 | Zot:5    | Killed an ancient lich
 61235 | Zot:5    | Gained mutation: You do not regenerate when monsters are
                  | visible. [an orb of fire]
 61235 | Zot:5    | Noticed an orb of fire
 61236 | Zot:5    | Gained mutation: You tend to lose your temper in combat.
                  | [an orb of fire]
 61237 | Zot:5    | Noticed an ancient lich
 61238 | Zot:5    | Noticed an ancient lich
 61242 | Zot:5    | Noticed an ancient lich
 61249 | Zot:5    | Gained mutation: You occasionally shout uncontrollably at
                  | your foes. [an orb of fire]
 61251 | Zot:5    | Noticed an ancient lich
 61252 | Zot:5    | Killed from afar by an orb of fire

Levels and vault maps discovered:
D:1:      tarquinn_simple_flora_water_a, layout_basic
D:2:      layout_loops_ring, fedhas_altar_3
D:3:      layout_loops_ring, uniq_sigmund, uniq_robin
D:4:      layout_basic, serial_shops, shop, nicolae_shop_crystal,
          nicolae_shop_window_shopping, uniq_grinder
D:5:      layout_loops_ring, overflow_temple_1_default,
          minmay_temple_entry_mist, serial_shops, shop, first_ration,
          kennysheep_flooded_box, hangedman_glass_teeth,
          minmay_a_box_with_orc_wizards_in_it
D:6:      layout_rooms, nicolae_overflow_crystal_walls, minmay_small_thing
D:7:      layout_basic, grunt_temple_overflow_open, the_bakery
D:8:      layout_rooms, ashenzari_conservatory_becter, erik_lair_orcish_takeover
D:9:      layout_big_octagon, minmay_orc_entry_temple_small
D:10:     minmay_bloctagon_deflated, layout_long_grid
D:11:     layout_gridville, gammafunk_ghost_hydra_chop, basic_altar, hive_lemuel
D:12:     layout_basic, kennysheep_generic_room_14
D:13:     layout_gridville, david_vaults_5, gauntlet_entry_generic, basic_altar,
          uniq_azrael
D:14:     layout_cave_pods, nicolae_ru_awakened_eye, uniq_roxanne, uniq_agnes
D:15:     grunt_enter_depths_snipers, layout_rooms, hangedman_decor_peaks_small,
          lemuel_blue_sif_altar, uniq_josephine
Temple:   minmay_temple_forest_path
Lair:1:   layout_gridlike, grunt_megastairs_4, uniq_harold
Lair:2:   layout_cave_pods, gammafunk_ghost_wrathful_warriors,
          grunt_megastairs_5, serial_bayou_shore_a, lemuel_fruit_fields,
          uniq_gastronok
Lair:3:   layout_misc_corridors, minmay_shoals_entry_lonely_mermaid,
          dummy_snake_entry, serial_bayou_pond_e
Lair:4:   layout_loops_ring
Lair:5:   cheibrodos_lair_river_kwai, layout_misc_corridors, slime_altar_1,
          ldierk_geyser, serial_bayou_pond_e, minivault_29
Lair:6:   hangedman_lair_tendril_chambers, layout_long_grid,
          hangedman_lair_caniforms_friends, special_room [special_room_jelly],
          lemuel_oklob_altar
Shoals:1: layout_shoals, overgrown_tower
Shoals:2: layout_shoals, nicolae_shoals_loop_pool
Shoals:3: layout_shoals, st_shoals_ruin, uniq_polyphemus, uniq_ilsuiw
Shoals:4: shoals_end_grunt_ice, layout_shoals, ebering_ghost_rock_garden,
          uniq_bai_suzhen, uniq_louise
Snake:1:  layout_basic, drop_trap, minmay_shop_grove
Snake:2:  layout_onion, uniq_aizul
Snake:3:  layout_honeycomb, st_stairs_8
Snake:4:  snake_pit_salamanders_mu, layout_cave_town, serial_shops, shop,
          drop_trap, uniq_donald, uniq_vashnia
Orc:1:    layout_diamond_mine, gammafunk_ghost_stat_death
Orc:2:    st_orc_open, layout_caves, uniq_snorg
Elf:1:    eino_elf_arrival_sip, layout_loops_cross, serial_shops, shop,
          kennysheep_underground_church, minivault_14, st_stairs_8
Elf:2:    layout_geoelf_octagon, basic_altar
Elf:3:    minmay_elf_hall_x, layout_geoelf_octagon, serial_shops, freezing_bzr
Vaults:1: nicolae_vaults_statue_guard, ontoclasm_vaults_decontamination,
          nicolae_vaults_border_crossing, grunt_vaults_diagonal,
          vaults_room_large_hall, vaults_room_stairs_pillars, v_misc_8,
          layout_vaults_omnigrid, portal_desolation_entry_ruin
Vaults:2: nicolae_vaults_display_case, minmay_crypt_entry_nasty_monster,
          vaults_room_fancy_cross, hangedman_vaults_locks,
          vaults_room_door_ring, grunt_vaults_trifunnel,
          hangedman_vaults_stream, v_rooms_4,
          nicolae_vaults_windows_and_doors_thing, v_rooms_1, v_misc_17,
          hangedman_vaults_stretched_pinwheel, vaults_room_pool, v_misc_22,
          layout_vaults_omnibox, nicolae_trove_entry_free_sample
Vaults:3: ontoclasm_vaults_bender, nicolae_vaults_big_angled_halls,
          dpeg_vaults_monster_box, vaults_dpeg_cross,
          vaults_standard_mumra_enter_the_diamond, vaults_mumra_chevron_long,
          vaults_mumra_hexcomb, nicolae_vaults_ninety_degrees,
          grunt_vaults_hallway_long, vaults_room_ringed_pool, v_alt_pattern_2,
          ontoclasm_vaults_ring_small, vaults_standard_mumra_enter_the_diamond,
          nicolae_vaults_shelves_hall, layout_vaults_big_cross, serial_shops,
          shop
Vaults:4: v_rooms_6, v_misc_15, grunt_vaults_hallway_short,
          nicolae_vaults_twisting_passages, v_misc_1, v_misc_27,
          hangedman_vaults_corner_blocks, v_misc_8, grunt_vaults_twisty,
          nicolae_vaults_little_squares_4, nicolae_vaults_fighting_squares,
          v_misc_24, vaults_room_pools, grunt_vaults_funnel,
          vaults_room_door_ring, layout_vaults_ring, uniq_frederick
Vaults:5: uniq_boris, uniq_saint_roka
Depths:1: layout_cave_pools, basic_altar, grunt_hell_horde,
          minmay_fractal_squares_gapless_7
Depths:2: lemuel_firewalk_3, layout_twisted_cross, ebering_ghost_disaster_area,
          grunt_hell_entry_dis_grunt, hangedman_abyss_or_decor_jellyfish_corner,
          rand_demon_pan_entry_4, drop_trap, infiniplex_staircase_pool_1,
          uniq_enchantress
Depths:3: minmay_the_grid_3x3 [minmay_the_grid_tri_star,
          minmay_the_grid_outer_circle, minmay_the_grid_expand,
          minmay_the_grid_square_x, minmay_the_grid_armoury,
          minmay_the_grid_spin_star, minmay_the_grid_stretched_grid,
          minmay_the_grid_empty, minmay_the_grid_prize_shrinking_boxes],
          layout_long_grid, pan_entry, abyss_entry, hell_entry,
          minmay_misc_feat_tiny, chequers_serial_rivers_small_b, uniq_nikola
Depths:4: grunt_runaround [grunt_runaround_doors_1, grunt_runaround_doors_2,
          grunt_runaround_doors_3, grunt_runaround_doors_4,
          grunt_runaround_loot], hell_entry, abyss_entry
Depths:5: grunt_zot_entry_tricorne, layout_small_grid, hell_entry,
          enter_trove_3, chequers_jeans, nicolae_abyss_entry_one_way_or_another,
          grunt_ministairs_14, grunt_megastairs_2
Hell
Zot:1:    layout_onion
Zot:2:    gammafunk_sealed_library, layout_gridlike
Zot:3:    layout_concentric_octagons, zot_minivault_6
Zot:4:    layout_gridlike
Zot:5:    layout_gridlike

Skill      XL: |  1  2  3  4  5  6  7  8  9 10 11 12 13 14 15 16 17 18 19 20 21 22 23 24 25 26 27 |
---------------+----------------------------------------------------------------------------------+-----
Shields        | 4 5 6 7 8 10 12 14 15 16 20 23 25 26 27 | 27.0
Axes           | 3 4 5 7 8 9 11 14 15 17 20 21 22 23 24 25 27 | 27.0
Fighting       | 6 9 12 15 17 18 20 21 22 23 24 25 27 | 27.0
Armour         | 8 12 14 15 16 18 20 22 24 25 27 | 27.0
Invocations    | 7 11 14 15 | 15.5
Dodging        | 18 | 18.5

Action                   |  1- 3 |  4- 6 |  7- 9 | 10-12 | 13-15 | 16-18 | 19-21 | 22-24 | 25-27 || total
-------------------------+-------+-------+-------+-------+-------+-------+-------+-------+-------++-------
Melee: War axe           |    76 |    92 |       |       |       |       |       |       |       ||   168
       Headbutt          |     7 |    12 |    24 |    79 |   230 |   341 |   266 |   366 |   736 ||  2061
       Hand axe          |       |     9 |   182 |   446 |   929 |  1154 |   198 |       |       ||  2918
       Whip              |       |       |       |       |    13 |       |       |       |       ||    13
       Kick              |       |       |       |       |    81 |   541 |   439 |   306 |       ||  1367
       Broad axe         |       |       |       |       |       |       |   630 |  1080 |  2160 ||  3870
Throw: Throwing net      |       |       |     1 |       |       |       |       |       |       ||     1
       Dart              |       |       |       |       |       |     2 |       |       |       ||     2
Invok: Lesser Servant of |       |       |       |     2 |       |     1 |       |       |       ||     3
       Major Destruction |       |       |       |       |       |     7 |       |       |       ||     7
       Greater Servant o |       |       |       |       |       |     4 |       |     2 |       ||     6
 Abil: Evoke Berserk Rag |       |       |       |     2 |     4 |     2 |       |       |       ||     8
       Evoke Flight      |       |       |       |       |       |       |       |       |     2 ||     2
Evoke: Wand              |       |       |       |    17 |     5 |    10 |       |     1 |       ||    33
       Phial of floods   |       |       |       |     1 |       |       |       |       |       ||     1
       Tin of tremorston |       |       |       |       |       |       |       |       |     2 ||     2
  Use: Potion            |       |     1 |       |     3 |     4 |     1 |       |     2 |    12 ||    23
       Scroll            |       |       |     2 |    13 |    14 |    15 |    11 |    16 |    27 ||    98
 Stab: Petrifying        |       |       |       |       |       |       |       |     1 |       ||     1
       Distracted        |       |       |       |       |       |       |       |       |     3 ||     3
  Eat: Chunk             |       |     5 |    12 |    22 |    30 |    36 |    19 |    12 |    37 ||   173
       Ration            |       |       |     1 |       |     2 |     2 |     1 |     2 |     2 ||    10
Armor: Scale mail        |    38 |    40 |    28 |       |       |       |       |       |       ||   106
       Chain mail        |       |       |    28 |   137 |   294 |   313 |   129 |   187 |       ||  1088
       Gold dragon scale |       |       |       |       |       |       |       |    98 |   589 ||   687
Dodge: Dodged            |    20 |    22 |    46 |    75 |   191 |   293 |   127 |   185 |   365 ||  1324
Block: Kite shield       |    49 |    59 |    72 |   199 |   547 |   382 |       |       |       ||  1308
       Reflection        |       |       |       |       |    13 |   147 |    80 |    60 |    91 ||   391
       Tower shield      |       |       |       |       |       |   693 |   851 |  1149 |  1934 ||  4627

Table legend:
 A = Non-vault XP
 B = Vault XP
 C = Vault XP percentage of total XP
 D = Non-vault monster count
 E = Vault monster count
 F = Vault count percentage of total count
                 A         B        C        D         E       F
            +---------+---------+-------+---------+---------+-------
      Total |  993725 |  928065 |  48.3 |    1618 |    1065 |  39.7
            +---------+---------+-------+---------+---------+-------
        D:1 |      68 |       0 |   0.0 |      29 |       0 |   0.0
        D:2 |      51 |       0 |   0.0 |      23 |       0 |   0.0
        D:3 |       6 |     241 |  97.6 |       4 |       9 |  69.2
        D:4 |     321 |     281 |  46.7 |      11 |       1 |   8.3
        D:5 |      57 |      74 |  56.5 |       3 |       2 |  40.0
        D:6 |     373 |     136 |  26.7 |      11 |       2 |  15.4
        D:7 |    2082 |     220 |   9.6 |      22 |       1 |   4.3
        D:8 |     652 |     601 |  48.0 |      14 |       7 |  33.3
        D:9 |    1723 |     224 |  11.5 |      17 |       6 |  26.1
       D:10 |    2172 |    1289 |  37.2 |      27 |       4 |  12.9
       D:11 |    2485 |       0 |   0.0 |      25 |       0 |   0.0
       D:12 |    3586 |       0 |   0.0 |      32 |       0 |   0.0
       D:13 |    7421 |    5118 |  40.8 |      44 |      13 |  22.8
       D:14 |    8501 |    4077 |  32.4 |      27 |       2 |   6.9
       D:15 |   10034 |    4178 |  29.4 |      39 |       8 |  17.0
     Lair:1 |    5714 |    1099 |  16.1 |      27 |       2 |   6.9
     Lair:2 |    8695 |    2507 |  22.4 |      19 |       2 |   9.5
     Lair:3 |    3167 |     458 |  12.6 |      13 |       1 |   7.1
     Lair:4 |    3926 |       0 |   0.0 |      14 |       0 |   0.0
     Lair:5 |    5790 |   10379 |  64.2 |      14 |      49 |  77.8
     Lair:6 |    4261 |   27221 |  86.5 |      15 |     112 |  88.2
   Shoals:1 |    9661 |       0 |   0.0 |      24 |       0 |   0.0
   Shoals:2 |   13020 |    2699 |  17.2 |      25 |       3 |  10.7
   Shoals:3 |   16007 |   14595 |  47.7 |      30 |      17 |  36.2
   Shoals:4 |   17828 |   28289 |  61.3 |      35 |      34 |  49.3
    Snake:1 |    6884 |       0 |   0.0 |      13 |       0 |   0.0
    Snake:2 |   12769 |    1794 |  12.3 |      24 |       1 |   4.0
    Snake:3 |   14042 |     905 |   6.1 |      28 |       2 |   6.7
    Snake:4 |   18373 |   58593 |  76.1 |      38 |      77 |  67.0
      Orc:1 |     121 |    5952 |  98.0 |       1 |      13 |  92.9
      Orc:2 |    2716 |   10861 |  80.0 |      26 |      25 |  49.0
      Elf:1 |   20679 |    6192 |  23.0 |      30 |      10 |  25.0
      Elf:2 |   21868 |   23574 |  51.9 |      40 |      30 |  42.9
      Elf:3 |   15356 |   52635 |  77.4 |      24 |      37 |  60.7
   Vaults:1 |   21201 |    9410 |  30.7 |      39 |      13 |  25.0
   Vaults:2 |   32610 |   32233 |  49.7 |      46 |      41 |  47.1
   Vaults:3 |   25334 |   13495 |  34.8 |      47 |      19 |  28.8
   Vaults:4 |   34816 |   66385 |  65.6 |      47 |      74 |  61.2
   Vaults:5 |   32802 |  128248 |  79.6 |      46 |      78 |  62.9
   Depths:1 |   31184 |   17296 |  35.7 |      39 |      20 |  33.9
   Depths:2 |   50470 |    5559 |   9.9 |      62 |       7 |  10.1
   Depths:3 |   24450 |   43831 |  64.2 |      36 |      22 |  37.9
   Depths:4 |     752 |  155189 |  99.5 |       3 |      92 |  96.8
   Depths:5 |   41020 |   31482 |  43.4 |      44 |      26 |  37.1
       Hell |   11025 |   39912 |  78.4 |      19 |      59 |  75.6
      Zot:1 |   75630 |       0 |   0.0 |      50 |       0 |   0.0
      Zot:2 |   41004 |       0 |   0.0 |      23 |       0 |   0.0
      Zot:3 |   74574 |   21770 |  22.6 |      45 |      13 |  22.4
      Zot:4 |   69589 |       0 |   0.0 |      37 |       0 |   0.0
      Zot:5 |   31836 |   30426 |  48.9 |      16 |       9 |  36.0
    Abyss:1 |    3213 |       0 |   0.0 |       8 |       0 |   0.0
    Abyss:2 |   35799 |       0 |   0.0 |      68 |       0 |   0.0
    Abyss:3 |  116007 |   10719 |   8.5 |     175 |       9 |   4.9
 Desolation |       0 |   54492 | 100.0 |       0 |     102 | 100.0
   Gauntlet |       0 |    3426 | 100.0 |       0 |      11 | 100.0
            +---------+---------+-------+---------+---------+-------
